 Dungeon Crawl Stone Soup version 0.26-a0-712-ga5a9c9c9d0 (webtiles) character file.

Game seed: 8935385235521551872

(classic levelgen) 24072 EnegeticOcto the Cleaver (level 12, -2/112 HPs)
             Began as a Deep Dwarf Fighter on Nov 3, 2020.
             Was a High Priest of Makhleb.
             Slain by a naga
             ... wielding a +0 halberd
              (3 damage)
             ... on level 1 of the Snake Pit.
             The game lasted 00:05:59 (9083 turns).

EnegeticOcto the Cleaver (Deep Dwarf Fighter)       Turns: 9083, Time: 00:05:59

Health: -2/112     AC: 13    Str: 23    XL:     12   Next: 77%
Magic:  8/8        EV:  9    Int: 10    God:    Makhleb [*****.]
Gold:   665        SH: 13    Dex: 13    Spells: 11/11 levels left

rFire    . . .     SeeInvis +   u - +1 war axe (elec)
rCold    x . .     Faith    .   c - +1 kite shield
rNeg     . . .     Spirit   .   C - +2 chain mail "Kihotrua" {rElec rPois rC-}
rPois    +         Reflect  .   (no helmet)
rElec    +         Harm     .   (no cloak)
rCorr    .         Rampage  .   (no gloves)
MR       +....                  (no boots)
Stlth    ..........             (no amulet)
HPRegen  0.00/turn              h - +4 ring of evasion
MPRegen  0.11/turn              p - ring of see invisible

@: lethally poisoned (-2 -> -6), marked, non-regenerating, constricted
A: damage resistance, heal wounds, sense surroundings 2, no regeneration
a: Heal Wounds, Minor Destruction, Lesser Servant of Makhleb, Major Destruction,
Greater Servant of Makhleb, Renounce Religion


You were on level 1 of the Snake Pit.
You worshipped Makhleb.
Makhleb was extremely pleased with you.
You visited 4 branches of the dungeon, and saw 17 of its levels.

You collected 983 gold pieces.
You spent 318 gold pieces at shops.

Inventory:

Hand Weapons
 u - a +1 war axe of electrocution (weapon)
Armour
 c - a +1 kite shield (worn)
 e - a +0 plate armour
 C - the +2 chain mail "Kihotrua" (worn) {rElec rPois rC-}
   (You bought it in a shop on level 10 of the Dungeon)

   It makes you vulnerable to cold.
   It insulates you from electricity.
   It protects you from poison.
Jewellery
 h - a +4 ring of evasion (left hand)
 p - a ring of see invisible (right hand)
Wands
 a - a wand of acid (13) {@v1}
 g - a wand of polymorph (4)
 l - a wand of iceblast (5) {@v2}
 x - a wand of paralysis (10)
 A - a wand of disintegration (9)
Scrolls
 i - 4 scrolls of teleportation {@r3}
 n - 2 scrolls of enchant armour
 s - 4 scrolls of remove curse {@r2}
 y - a scroll of blinking
 z - 5 scrolls of magic mapping {@r5}
 E - 2 scrolls of fear
 G - 2 scrolls of fog
Potions
 b - 3 potions of degeneration
 d - 5 potions of might {@q3}
 f - 3 potions of flight
 j - 2 potions of magic
 k - 4 potions of heal wounds {@q2}
 m - 3 potions of cancellation
 o - 2 potions of invisibility
 q - 5 potions of mutation
 r - a potion of stabbing {unknown}
 t - 2 potions of curing {unknown}
 v - 4 potions of berserk rage {unknown}
 w - a potion of resistance {unknown}
 D - 2 potions of brilliance {unknown}
Miscellaneous
 B - a tin of tremorstones (3/3)


   Skills:
 + Level 8.6 Fighting
 * Level 13.3 Axes
 + Level 10.2 Armour
 - Level 2.0 Dodging
 + Level 9.9 Shields
 + Level 10.3 Invocations
 + Level 6.5 Evocations


You had 11 spell levels left.
You didn't know any spells.
Your spell library was empty.

Dungeon Overview and Level Annotations

Branches:
Dungeon (12/15)            Temple (1/1) D:6            Lair (3/6) D:9
 Shoals (0/4) Lair:3        Snake (1/4) Lair:3          Orc (0/2) D:10

Altars:
Ashenzari
Cheibriados
Dithmenos
Elyvilon
Fedhas
Gozag
Hepliaklqana
Makhleb
Nemelex Xobeh
Okawaru
Qazlal
Ru
Sif Muna
Trog
Uskayaw
Vehumet
Wu Jian
Xom
Yredelemnul
Zin

Shops:
D:4 (   D:10 [

Annotations:
D:8 2 transporters
D:9 1 runed translucent door, p0werm0de's ghost, journeyman FoFi


Innate Abilities, Weirdness & Mutations

You are resistant to damage.
You can heal yourself by infusing magical energy.
You passively map the area around you.
You do not regenerate.


Message History

Makhleb accepts your kill.
The naga sharpshooter shoots an arrow.
You block the arrow.
The black mamba bites you but does no damage.
The anaconda barely misses you.
Your shadow imp barely misses the anaconda.
The anaconda bites you. The anaconda constricts you.
The naga hits you but does no damage.
You completely miss the anaconda. You hit the naga sharpshooter.
You hit the anaconda. Lightning courses through the anaconda!
You hit the naga sharpshooter but do no damage.
Lightning courses through the naga sharpshooter!
You miss the black mamba.
A black mamba comes into view.
You block the black mamba's attack. The anaconda barely misses you.
The anaconda bites you but does no damage.
The anaconda constricts you.
The naga sharpshooter mumbles some strange words.
The naga sharpshooter magically shoots an arrow.
You block the arrow.
Your shadow imp barely misses the anaconda.
The naga sharpshooter shoots an arrow.
The arrow hits you!! You block the black mamba's attack.
Your neqoxec completely misses the anaconda.
The naga barely misses you. The anaconda barely misses you.
The anaconda closely misses you. The anaconda constricts you.
You miss the anaconda.
You hit the black mamba but do no damage.
You barely miss the naga sharpshooter. You hit the anaconda.
Lightning courses through the anaconda!!
You closely miss the naga sharpshooter. You block the black mamba's attack.
The anaconda bites you! The anaconda constricts you.
You block the anaconda's attack. The black mamba closely misses you.
The naga sharpshooter shoots an arrow.
The arrow hits you.
Your shadow imp closely misses the anaconda.
Your iron imp closely misses the anaconda.
Your neqoxec closely misses the anaconda.
You block the black mamba's attack.
The anaconda bites you but does no damage.
The anaconda constricts you.
The naga sharpshooter shoots an arrow.
The arrow hits you. The naga hits you but does no damage.
The anaconda bites you.
You hit the anaconda.
Lightning courses through the anaconda!!
The anaconda is moderately wounded.
You hit the black mamba.
Lightning courses through the black mamba!
You hit the naga sharpshooter. You hit the anaconda but do no damage.
You hit the naga sharpshooter. You closely miss the black mamba.
The black mamba bites you!
You are more poisoned.
The black mamba poisons you! You block the black mamba's attack.
The anaconda closely misses you. The anaconda constricts you.
The anaconda bites you.
Your shadow imp barely misses the anaconda.
Your neqoxec misses the anaconda.
The naga sharpshooter spits poison at you.
The splash of poison hits you. You resist.
Your iron imp completely misses the anaconda.
The black mamba bites you!
You closely miss the anaconda.
The anaconda is moderately wounded.
You slash the black mamba! You closely miss the naga sharpshooter.
You barely miss the anaconda. You barely miss the naga sharpshooter.
You hit the black mamba but do no damage.
You feel sick. The black mamba bites you! The anaconda barely misses you.
The anaconda constricts you. The anaconda bites you.
The naga barely misses you. The black mamba bites you.
The naga sharpshooter spits poison at you.
The splash of poison hits you. You resist.
* * * LOW HITPOINT WARNING * * *
The black mamba barely misses you.
Your shadow imp closely misses the anaconda.
The anaconda closely misses you. The anaconda constricts you.
You are too injured to fight recklessly!
You are too injured to fight recklessly!
You are too injured to fight recklessly!
You are too injured to fight recklessly!
You are too injured to fight recklessly!
You are too injured to fight recklessly!
You are too injured to fight recklessly!
You are too injured to fight recklessly!
You are too injured to fight recklessly!
You are too injured to fight recklessly!
You are too injured to fight recklessly!
You are too injured to fight recklessly!
You are too injured to fight recklessly!
You fail to use your ability.
You feel sick.
The anaconda bites you but does no damage.
The black mamba bites you.
* * * LOW HITPOINT WARNING * * *
Your neqoxec hits the anaconda! The black mamba barely misses you.
The naga sharpshooter shoots an arrow.
You block the arrow. You block the anaconda's attack.
* * * LOW HITPOINT WARNING * * *
The anaconda constricts you. You block the anaconda's attack.
Your iron imp closely misses the anaconda.
The naga sharpshooter shoots an arrow.
The arrow hits you!!
* * * LOW HITPOINT WARNING * * *
The naga hits you from afar with a +0 halberd.
You die...

, #.......#
#.......# *
#.......# *
#.......#####
* * *
#.......#$.. ,
* #......... ,
, , ,
#...53SN#,* **
#...5S@S# # *
, #....(SN#.#
, #####.((NN#
*
#(############
,
#>............
#####.........
, #.########
####.# #....#


You could see 2 naga sharpshooters, 2 anacondas, 2 black mambas, 2 nagas, a
friendly neqoxec (summoned), a friendly iron imp (summoned) and a friendly
shadow imp (summoned).

Vanquished Creatures
  A hydra (Lair:3)
  A boulder beetle (D:11)
  Erica (D:8)
  A two-headed ogre (D:9)
  A death yak (D:9)
  3 naga sharpshooters (Snake:1)
  An ugly thing (D:11)
  A centaur zombie (D:11)
  A manticore (D:12)
  5 elephants (Lair:3)
  A cyclops (D:11)
  A black mamba (Snake:1)
  2 cane toads
  4 komodo dragons
  A kobold demonologist (D:10)
  A tengu conjurer (D:11)
  Prince Ribbit (D:9)
  A shadow (D:10)
  A vampire (D:12)
  A wraith (D:10)
  3 wyverns
  25 yaks
  2 basilisks
  A steam dragon (Lair:2)
  2 nagas (Snake:1)
  7 water moccasins
  3 orc warriors
  5 black bears
  5 ice beasts
  4 sky beasts
  A hornet zombie (D:10)
  8 phantoms
  4 wolves (Lair:3)
  An ogre (D:9)
  5 centaurs
  A big kobold (D:8)
  8 bullfrogs
  A water moccasin zombie (D:10)
  A scorpion (D:8)
  A troll zombie (D:10)
  2 electric eels
  5 wights (D:12)
  A howler monkey (D:4)
  5 hounds
  2 quasits (D:9)
  5 orc priests
  Ijyb (D:3)
  A centaur skeleton (D:10)
  A gnoll shaman (D:5)
  A jelly (D:11)
  Natasha (twice) (D:2)
  7 orc wizards
  13 worker ants
  5 ogre zombies (D:10)
  A hound zombie (D:11)
  8 gnolls
  10 adders
  2 shadow imps
  A white imp (D:9)
  2 ufetubi
  3 adder zombies
  An ooze (D:5)
  A worm (D:5)
  2 leopard geckos
  27 orcs
  5 giant cockroaches
  3 goblins
  3 hobgoblins
  8 jackals
  5 quokkas
  2 bats
  A goblin zombie (D:10)
  A hobgoblin skeleton (D:10)
  5 hobgoblin zombies (D:10)
  9 kobolds
  A leopard gecko skeleton (D:7)
  A leopard gecko zombie (D:5)
  2 orc skeletons (D:10)
  10 orc zombies (D:10)
  2 quokka skeletons
  3 rats
288 creatures vanquished.

Vanquished Creatures (collateral kills)
  2 hydras
  A naga sharpshooter (Snake:1)
  A cane toad (Lair:3)
  A snapping turtle (Lair:3)
5 creatures vanquished.

Vanquished Creatures (others)
  A ball python (D:3)
  5 fungi
  9 plants
15 creatures vanquished.

Grand Total: 308 creatures vanquished

Notes
Turn   | Place    | Note
-------+----------+-------------------------------------------
     0 | D:1      | EnegeticOcto the Deep Dwarf Fighter began the quest for the
                  | Orb.
     0 | D:1      | Reached XP level 1. HP: 20/20 MP: 1/1
   172 | D:2      | Reached XP level 2. HP: 27/27 MP: 2/2
   314 | D:2      | Noticed Natasha
   318 | D:2      | Noticed a crimson imp
   333 | D:2      | Noticed a crimson imp
   333 | D:2      | Killed Natasha
   333 | D:2      | Reached skill level 3 in Axes
   333 | D:2      | Reached skill level 1 in Dodging
   333 | D:2      | Reached XP level 3. HP: 30/34 MP: 3/3
   363 | D:2      | Noticed Natasha
   368 | D:2      | Killed Natasha
   368 | D:2      | Reached XP level 4. HP: 32/42 MP: 4/4
   431 | D:3      | Noticed Ijyb
   439 | D:3      | HP: 2/42 [acid (15)]
   454 | D:3      | Killed Ijyb
   586 | D:4      | Found a snail-covered altar of Cheibriados.
   770 | D:4      | Reached skill level 4 in Axes
   770 | D:4      | Reached XP level 5. HP: 41/49 MP: 5/5
   909 | D:4      | Found Ales's Weapon Shop.
  1074 | D:5      | Entered Level 5 of the Dungeon
  1263 | D:5      | Noticed a sky beast
  1281 | D:5      | Killed a sky beast
  1281 | D:5      | Reached XP level 6. HP: 51/57 MP: 6/6
  1326 | D:5      | Reached skill level 5 in Axes
  1328 | D:5      | Noticed an ice beast
  1342 | D:5      | Killed an ice beast
  1609 | D:5      | Reached XP level 7. HP: 46/64 MP: 7/7
  1839 | D:4      | Bought a +1 war axe of electrocution for 157 gold pieces
  1889 | D:6      | Reached skill level 5 in Armour
  1920 | D:6      | Found an iron altar of Okawaru.
  1957 | D:6      | Reached skill level 6 in Axes
  1962 | D:6      | You fall into a shaft and drop 1 floor!
  2040 | D:6      | Reached skill level 5 in Shields
  2155 | D:6      | Found a staircase to the Ecumenical Temple.
  2167 | Temple   | Entered the Ecumenical Temple
  2310 | Temple   | Became a worshipper of Makhleb the Destroyer
  2356 | D:6      | Reached skill level 1 in Invocations
  2356 | D:6      | Reached XP level 8. HP: 59/73 MP: 7/7
  2719 | D:7      | Reached skill level 7 in Axes
  2840 | D:7      | Reached * piety under Makhleb
  2893 | D:7      | Reached skill level 5 in Fighting
  3116 | D:7      | Found a glowing silver altar of Zin.
  3556 | D:8      | Reached skill level 8 in Axes
  3609 | D:8      | Found a transporter.
  3640 | D:8      | Noticed Erica
  3651 | D:8      | Killed Erica
  3651 | D:8      | Gained mutation: You passively map the area around you.
                  | [Deep Dwarf growth]
  3651 | D:8      | Reached XP level 9. HP: 57/81 MP: 8/10
  3690 | D:8      | Found a transporter.
  3733 | D:8      | Found a blossoming altar of Fedhas.
  3838 | D:8      | Reached skill level 9 in Axes
  3951 | D:8      | Reached skill level 5 in Invocations
  4012 | D:8      | Reached ** piety under Makhleb
  4232 | D:9      | Found a staircase to the Lair.
  4232 | D:9      | Noticed a death yak
  4240 | D:9      | Reached XP level 10. HP: 44/91 MP: 11/11
  4264 | D:9      | Killed a death yak
  4264 | D:9      | Reached skill level 10 in Axes
  4292 | D:9      | Noticed a two-headed ogre
  4304 | D:9      | Killed a two-headed ogre
  4456 | D:9      | Noticed p0werm0de's ghost (journeyman FoFi)
  4459 | D:9      | Found a runed translucent door.
  4612 | D:9      | Noticed Prince Ribbit
  4634 | D:9      | Killed Prince Ribbit
  5101 | D:10     | Entered Level 10 of the Dungeon
  5307 | D:10     | Reached *** piety under Makhleb
  5309 | D:10     | Found a staircase to the Orcish Mines.
  5421 | D:10     | Reached skill level 11 in Axes
  5572 | D:10     | Reached **** piety under Makhleb
  5578 | D:10     | Reached XP level 11. HP: 100/100 MP: 11/11
  5736 | D:10     | Found Jufutoyps's Antique Armour Emporium.
  5868 | D:10     | Bought a crude chain mail for 161 gold pieces
  5878 | D:10     | Identified the +2 chain mail "Kihotrua" {rElec rPois rC-}
                  | (You bought it in a shop on level 10 of the Dungeon)
  6591 | D:11     | Reached skill level 1 in Evocations
  6887 | D:11     | Noticed a boulder beetle
  6894 | D:11     | Killed a boulder beetle
  6928 | D:11     | Noticed a green ugly thing
  6939 | D:11     | Killed a green ugly thing
  7409 | D:12     | Noticed a lindwurm
  7409 | D:12     | Noticed a lindwurm
  7510 | Lair:1   | Entered Level 1 of the Lair of Beasts
  7562 | Lair:1   | You fall into a shaft and drop 1 floor!
  7675 | Lair:1   | Reached skill level 12 in Axes
  7799 | Lair:2   | Noticed a four-headed hydra
  7815 | Lair:2   | Killed a ten-headed hydra
  8493 | Lair:3   | Noticed a four-headed hydra
  8507 | Lair:3   | Killed a 12-headed hydra
  8507 | Lair:3   | Reached XP level 12. HP: 92/110 MP: 9/9
  8589 | Lair:3   | Noticed a seven-headed hydra
  8596 | Lair:3   | Killed an 11-headed hydra
  8692 | Lair:3   | Found a staircase to the Shoals.
  8708 | Lair:3   | Reached skill level 5 in Evocations
  8931 | Lair:3   | Reached ***** piety under Makhleb
  8939 | Lair:3   | Reached skill level 10 in Armour
  8945 | Lair:3   | Reached skill level 13 in Axes
  8945 | Lair:3   | Reached skill level 10 in Invocations
  8954 | Lair:3   | Found a staircase to the Snake Pit.
  8965 | Snake:1  | Entered Level 1 of the Snake Pit
  9065 | Snake:1  | Noticed an anaconda
  9073 | Snake:1  | Noticed an anaconda
  9083 | Snake:1  | HP: 1/112 [naga sharpshooter/arrow (24)]
  9083 | Snake:1  | Slain by a naga

Illustrated notes

Levels and vault maps discovered:
D:1:      minmay_arrival_semitransparent, layout_basic, grunt_decor_cap
D:2:      layout_loops_ring, gammafunk_temple_overflow_pools,
          chequers_ecumenical_altar_simple_redux, uniq_natasha
D:3:      layout_rooms, uniq_ijyb, uniq_grinder
D:4:      layout_loops_ring, cheibriados_altar_1, serial_shops, shop
D:5:      lemuel_upstairs_altar, layout_basic, minmay_diced_spiral
D:6:      layout_cave_pools, lemuel_coloured_pillars_altar,
          minmay_temple_entry_glass
D:7:      layout_basic, zin_statuary, chequers_jeans
D:8:      layout_loops_ring, gammafunk_temple_overflow_arena, minivault_1,
          uniq_erica
D:9:      layout_gridville, david_lair_generic, hellmonk_ghost_happy_afterlife,
          uniq_prince_ribbit1
D:10:     layout_basic, zombieorc1_lemuel, serial_shops, shop_statue,
          minmay_door_square
D:11:     layout_gridville, minmay_tree_intersection
D:12:     layout_long_grid, minmay_lindwurm_lava
Temple:   regret_index_temple_sphere_string
Lair:1:   layout_roguey, special_room [special_room_bee], serial_bayou_pond_b,
          lemuel_fruit_fields
Lair:2:   layout_small_grid, st_stairs_10, grunt_megastairs_2,
          serial_bayou_shore_b, serial_bayou_shore_a
Lair:3:   layout_layer_cave, minmay_shoals_entry_hut,
          minmay_snake_entry_six_corridors
Snake:1:  cheibrodos_toxic_ritual, layout_basic, st_stairs_8

Skill      XL: |  1  2  3  4  5  6  7  8  9 10 11 12 |
---------------+-------------------------------------+-----
Fighting       | 3 4 5 6 7 8 |  8.6
Axes           | 3 4 5 6 8 9 11 12 13 | 13.3
Dodging        | 1 2 |  2.0
Armour         | 4 5 6 7 8 9 10 | 10.2
Shields        | 4 5 6 7 8 9 |  9.9
Invocations    | 1 4 5 7 9 10 | 10.3
Evocations     | 4 6 |  6.5

Action                   |  1- 3 |  4- 6 |  7- 9 | 10-12 || total
-------------------------+-------+-------+-------+-------++-------
Melee: War axe           |     7 |   102 |   241 |   607 ||   957
       Battleaxe         |    41 |    41 |       |       ||    82
Invok: Lesser Servant of |       |       |       |     4 ||     4
 Abil: Heal Wounds       |     1 |     6 |     5 |    30 ||    42
Evoke: Wand              |       |       |       |     2 ||     2
  Use: Scroll            |       |       |     6 |    14 ||    20
Armor: Scale mail        |    19 |    80 |    13 |       ||   112
       Plate armour      |       |       |   119 |   183 ||   302
       Chain mail        |       |       |       |   123 ||   123
       Skin              |       |       |       |     3 ||     3
Dodge: Dodged            |    30 |    69 |    52 |   229 ||   380
Block: Kite shield       |     2 |    65 |   144 |   450 ||   661

Table legend: (Time is in decaauts)
 A = Elapsed time spent in this place.
 B = Non-inter-level travel time spent in this place.
 C = Inter-level travel time spent in this place.
 D = Time resting spent in this place.
 E = Time spent auto-exploring this place.
 F = Levels seen in this place.
 G = Mean time per level.
                   A        B        C        D        E       F      G
               +--------+--------+--------+--------+--------+-----+--------+
         Total |   9237 |   8686 |    551 |    328 |   6390 |  17 |  543.4 |
       Dungeon |   7487 |   7007 |    480 |    328 |   5087 |  12 |  623.9 |
        Temple |    171 |    135 |     36 |      0 |    133 |   1 |  171.0 |
          Lair |   1465 |   1430 |     35 |      0 |   1125 |   3 |  488.3 |
     Snake Pit |    113 |    113 |      0 |      0 |     44 |   1 |  113.0 |
               +--------+--------+--------+--------+--------+-----+--------+

Top non-repeatable levels by time:
    D:10: 1508 daAuts
     D:7: 1013 daAuts
     D:9: 960 daAuts
  Lair:2: 828 daAuts
     D:5: 775 daAuts
    D:11: 680 daAuts
     D:4: 680 daAuts
     D:8: 651 daAuts
     D:6: 498 daAuts
  Lair:3: 466 daAuts
     D:2: 337 daAuts
    D:12: 196 daAuts
  Temple: 171 daAuts
  Lair:1: 170 daAuts
     D:1: 117 daAuts
